 Dungeon Crawl Stone Soup version bcrawl-1.35.4b (webtiles) character file.

Game seed: 3340249497434130824

153688 Dulis131 the Vexing (level 6, -5/47 HPs)
             Began as a Human Arcane Marksman on Jan 29, 2022.
             Slain by an ogre
             ... wielding a +0 giant club
              (11 damage)
             ... on level 4 of the Dungeon.
             The game lasted 00:10:29 (2996 turns).

Dulis131 the Vexing (Human Arcane Marksman)         Turns: 2996, Time: 00:10:29

Health: -5/47      AC:  9    Str: 12    XL:     6   Next: 26%
Magic:  9/9        EV:  6    Int: 13    God:
Gold:   236        SH:  0    Dex: 14    Spells: 7/9 levels left

rFire    . . .     SeeInvis .   u - +2 halberd (chop)
rCold    . . .     Gourm    .   (shield currently unavailable)
rNeg     . . .     Faith    .   x - +0 chain mail
rPois    .         Spirit   .   (no helmet)
rElec    .         Reflect  .   (no cloak)
rCorr    .                      w - +0 pair of gloves
MR       .....                  (no boots)
Stlth    ..........             (no amulet)
HPRegen  0.15/turn              (no ring)
MPRegen  0.11/turn              (no ring)

@: no status effects
A: no striking features
a: no special abilities


You were on level 4 of the Dungeon.
You were hungry.

You visited 1 branch of the dungeon, and saw 4 of its levels.

You collected 236 gold pieces.

Inventory:

Hand Weapons
 a - a +0 hand crossbow
 g - a +0 blowgun
 t - a +0 whip of electrocution
 u - a +2 halberd of chopping (weapon)
Missiles
 f - 119 bolts
 q - 24 poisoned needles
 v - 197 arrows
Armour
 w - a +0 pair of gloves (worn)
 x - a +0 chain mail (worn)
Scrolls
 b - a scroll of blinking {unknown}
 c - 2 scrolls of fog {unknown}
 h - 2 scrolls of fear {unknown}
 i - 2 scrolls of identify
 j - a scroll of enchant weapon {unknown}
 m - a scroll of teleportation {unknown}
 o - 2 scrolls of amnesia {unknown}
 p - a scroll of magic mapping {unknown}
 r - a scroll of enchant armour {unknown}
Potions
 d - 3 potions of curing {unknown}
 k - 2 potions of heal wounds {unknown}
 l - 2 potions of might {unknown}
 n - a potion of degeneration {unknown}
 s - a potion of invisibility {unknown}
Comestibles
 e - 7 rations {!d}


   Skills:
 + Level 3.3 Fighting
 * Level 2.5 Polearms
 - Level 3.9 Crossbows
 + Level 1.1 Armour
 + Level 2.8 Dodging
 + Level 2.1 Spellcasting
 + Level 3.9 Hexes
 * Level 0.3 Charms


You had 7 spell levels left.
You knew the following spells:

 Your Spells              Type           Power        Failure   Level  Hunger
a - Corona                Hex            ##.....      92%         1    None
b - Infusion              Chrm           #.......     100%        1    None

Your spell library contained the following spells:

 Spells                   Type           Power        Failure   Level  Hunger
 Slow                     Hex            ##......     92%         1    None
 Shackle                  Hex            ##......     98%         2    ##.....
 Apportation              Tloc           #.....       100%        1    None
 Sandblast                Erth           #.....       100%        1    None
 Summon Butterflies       Summ           #.......     100%        1    None
 False Image              Hex/Summ       #.......     100%        3    ####...
 Inner Flame              Hex/Fire       N/A          100%        3    ####...
 Cause Fear               Hex            ##........   100%        4    ######.
 Yara's Violent Unravell  Hex/Tmut       #.........   100%        4    ######.


Dungeon Overview and Level Annotations

Branches:
Dungeon (4/12)
 Temple: D:4-7

Altars:
Wu Jian


Message History

You barely miss the ogre. The ogre hits you with a +0 giant club!
You hit the ogre.
Ssssck.
The ogre is lightly wounded.
The ogre hits you with a +0 giant club!
There is an open door here.
You see here a short sword.
There is a stone staircase leading up here.
A rune on the stairs sparks and fizzles.
You climb upwards.
There is a stone staircase leading down here.
The ogre closely misses you.
There is a stone staircase leading down here.
The ogre hits you with a +0 giant club!
* * * LOW HITPOINT WARNING * * *
You climb downwards.
A rune on the stairs sparks and fizzles.
Found 85 poisoned needles.
Found an escape hatch in the floor.
There is a stone staircase leading up here.
The ogre hits you with a +0 giant club!
You die...

..# .. ..# ...
#...... ..#....
#..... ....O..
#.#..####
.....# #.#.....
.....# #.....#
.....# #.....#
.....# +O....#
.....# #<@...#
.....# #.....#
######
#####.>.#
####### #.#
#.....# # #
#####.....###.#
............<.#
h.............#
#.....#.......#


You could see an ogre.

Vanquished Creatures
  An orc priest (D:3)
  A crimson imp (D:4)
  4 gnolls (D:3)
  4 adders
  An ooze (D:2)
  2 worms
  4 dart slugs
  6 leopard geckos
  2 orcs (D:3)
  A ball python (D:1)
  2 giant cockroaches
  4 goblins
  6 hobgoblins
  6 jackals
  9 kobolds
  2 quokkas
  2 bats (D:2)
  4 frilled lizards
  4 rats
65 creatures vanquished.

Notes
Turn   | Place    | Note
-------+----------+-------------------------------------------
     0 | D:1      | Dulis131 the Human Arcane Marksman began the quest for the
                  | Orb.
     0 | D:1      | Reached XP level 1. HP: 16/16 MP: 3/3
    91 | D:1      | Reached XP level 2. HP: 22/22 MP: 5/5
   497 | D:1      | Reached XP level 3. HP: 27/27 MP: 6/6
   868 | D:2      | Reached XP level 4. HP: 33/34 MP: 7/7
  1565 | D:2      | Found an ornate altar of the Wu Jian Council.
  1848 | D:3      | Reached XP level 5. HP: 40/40 MP: 8/8
  2166 | D:3      | Reached skill level 1 in Polearms
  2583 | D:3      | Reached XP level 6. HP: 47/47 MP: 9/9
  2902 | D:4      | Learned a level 1 spell: Infusion
  2948 | D:4      | Noticed an ogre
  2965 | D:4      | Reached skill level 1 in Armour
  2996 | D:4      | Slain by an ogre

Skill      XL: |  1  2  3  4  5  6 |
---------------+-------------------+-----
Crossbows      | 3 |  3.9
Fighting       | 3 |  3.3
Polearms       | 2 |  2.5
Armour         | 1 |  1.1
Dodging        | |  2.8
Spellcasting   | |  2.1
Hexes          | |  3.9
Charms         | |  0.3

Action                   |  1- 3 |  4- 6 || total
-------------------------+-------+-------++-------
Melee: Halberd           |       |    67 ||    67
 Fire: Hand crossbow     |    53 |    68 ||   121
 Cast: Corona            |       |     2 ||     2
  Eat: Chunk             |     1 |    11 ||    12
Armor: Robe              |     1 |       ||     1
       Scale mail        |     7 |    47 ||    54
       Chain mail        |       |    48 ||    48
Dodge: Dodged            |     8 |    80 ||    88
